Anaheim Ducks vs Toronto Maple Leafs
Created - Monday, November 11, 2024 at 08:56
Goals
|
| Anaheim Ducks |
1 |
1 |
0 |
2 |
| Toronto Maple Leafs |
1 |
4 |
0 |
5 |
|
Shots
|
| Anaheim Ducks |
13 |
13 |
9 |
35 |
| Toronto Maple Leafs |
11 |
13 |
17 |
41 |
|
1st period
1. Anaheim Ducks , Alexandre Texier 2 (Joshua Morrissey 24, Max Domi 7) at 9:00 (SH)
2. Toronto Maple Leafs , Troy Terry 25 (Wyatt Johnston 43) at 14:34
Penalties :
Alex Killorn (ANA) for Holding (Minor) at 0:34, Brenden Dillon (ANA) for Roughing (Minor) at 7:21, Morgan Rielly (ANA) for High sticking (Minor) at 15:25, Nazem Kadri (ANA) for Holding (Minor) at 18:23
2nd period
3. Toronto Maple Leafs , Sam Bennett 9 (Dougie Hamilton 22, Sean Walker 17) at 2:20
4. Toronto Maple Leafs , Wyatt Johnston 25 (Quinton Byfield 29) at 2:31
5. Toronto Maple Leafs , Wyatt Johnston 26 (Troy Terry 38) at 4:01
6. Anaheim Ducks , Esa Lindell 1 (Max Domi 8, Ivan Provorov 15) at 17:19 (SH)
7. Toronto Maple Leafs , Tomas Hertl 19 (Brady Tkachuk 32, Nicolas Roy 16) at 19:44
Penalties :
Brayden Schenn (ANA) for Tripping (Minor) at 15:51
3rd period
No Goal
Penalties :
Mark Scheifele (ANA) for Roughing (Minor) at 15:46
Goalie Stats
Linus Ullmark (ANA), 36 saves from 41 shots - (0.878), L, 31-15-8, 60:00 minutes
Cam Talbot (TOR), 33 saves from 35 shots - (0.943), W, 27-13-5, 60:00 minutes
Players Stats for Anaheim Ducks
Player Name G A P +/- PIM S H SB GA TA FO MP PP MP PK MP
------------------------------------------------------------------------------------
Alex Killorn 0 0 0 0 2 4 3 3 0 0 0/0 16:56 0:00 3:19
Alexandre Texier 1 0 1 0 0 1 1 0 0 0 0/0 9:41 0:00 2:41
Brayden Schenn 0 0 0 0 2 4 1 0 0 1 0/2 19:18 0:00 5:33
Brenden Dillon 0 0 0 -1 2 2 0 2 0 1 0/0 20:29 0:00 4:44
Calle Jarnkrok 0 0 0 -1 0 2 1 0 0 0 0/0 6:31 0:00 0:00
Chandler Stephenson 0 0 0 -4 0 0 1 0 0 0 2/4 18:53 0:00 4:13
Esa Lindell 1 0 1 -2 0 2 0 1 0 1 0/0 23:13 0:00 6:46
Ivan Provorov 0 1 1 0 0 1 2 4 0 4 0/0 24:14 0:00 6:34
J.T. Compher 0 0 0 -4 0 0 0 0 0 0 4/12 22:18 0:00 6:54
Jakob Chychrun 0 0 0 0 0 0 0 0 0 0 0/0 15:50 0:00 1:10
John Tavares 0 0 0 0 0 4 0 1 0 0 7/13 12:40 0:00 0:00
Joshua Morrissey 0 1 1 -2 0 0 0 2 0 0 0/0 15:39 0:00 0:07
Mark Scheifele 0 0 0 0 2 2 2 0 1 0 8/15 12:47 0:00 0:00
Mason Marchment 0 0 0 0 0 3 0 0 0 0 0/1 12:30 0:00 0:00
Max Domi 0 2 2 1 0 0 0 0 0 0 0/0 7:36 0:00 0:56
Morgan Rielly 0 0 0 -1 2 0 0 1 0 0 0/0 21:28 0:00 4:27
Nazem Kadri 0 0 0 -3 2 3 2 0 0 0 3/14 14:57 0:00 0:12
William Nylander 0 0 0 0 0 7 0 0 1 1 1/1 13:00 0:00 0:00
Players Stats for Toronto Maple Leafs
Player Name G A P +/- PIM S H SB GA TA FO MP PP MP PK MP
------------------------------------------------------------------------------------
Aaron Ekblad 0 0 0 2 0 1 3 0 0 1 0/0 21:58 5:47 0:00
Andrew Mangiapane 0 0 0 0 0 0 0 0 0 0 0/1 11:42 0:00 0:00
Brady Tkachuk 0 1 1 0 0 6 4 0 2 0 2/2 20:08 6:00 0:00
Brandon Saad 0 0 0 0 0 1 0 0 1 0 0/0 14:16 5:54 0:00
Cody Ceci 0 0 0 1 0 1 0 1 0 0 0/0 16:41 0:00 0:00
Dougie Hamilton 0 1 1 0 0 1 1 1 1 0 0/0 22:32 5:47 0:00
Mario Ferraro 0 0 0 1 0 0 0 1 0 0 0/0 16:41 0:00 0:00
Nick Bjugstad 0 0 0 0 0 4 2 0 1 0 3/8 11:29 0:00 0:00
Nicolas Roy 0 1 1 1 0 2 1 1 0 0 0/0 12:01 0:00 0:00
Nino Niederreiter 0 0 0 0 0 0 1 0 0 0 0/0 11:29 0:00 0:00
Quinton Byfield 0 1 1 2 0 6 2 0 0 0 1/2 20:42 5:54 0:00
Ryan Pulock 0 0 0 2 0 0 1 1 0 1 0/0 20:47 6:07 0:00
Sam Bennett 1 0 1 1 0 1 1 1 1 0 0/0 7:41 0:00 0:00
Scott Laughton 0 0 0 1 0 2 0 2 0 0 2/3 8:46 0:00 0:00
Sean Walker 0 1 1 0 0 3 1 1 0 0 0/0 21:21 6:07 0:00
Tomas Hertl 1 0 1 0 0 4 1 0 0 0 13/19 20:08 6:00 0:00
Troy Terry 1 1 2 2 0 3 0 1 2 0 2/3 20:56 6:00 0:00
Wyatt Johnston 2 1 3 2 0 6 1 2 0 0 14/24 20:42 5:54 0:00
3 Stars
1 - Wyatt Johnston (TOR)
2 - Troy Terry (TOR)
3 - Cam Talbot (TOR)
Power Play
Anaheim Ducks - 0 on 0 Attempt(s) - 0.00%
Toronto Maple Leafs - 0 on 6 Attempt(s) - 0.00%
Penalty Kill
Anaheim Ducks - 6 on 6 Attempt(s) - 100.00%
- Score 2 goal in Penalty Kill
Toronto Maple Leafs - 0 on 0 Attempt(s) - 0.00%
- Score 0 goal in Penalty Kill
Team Stat
Anaheim Ducks - Hits : 13 - Faceoff Wins : 25 - Blocked Shots : 14 - Penalty Minutes : 12
Toronto Maple Leafs - Hits : 19 - Faceoff Wins : 37 - Blocked Shots : 12 - Penalty Minutes : 0
Official
Referees : Eric Furlatt and Gord Dwyer
Linesman : Tyson Baker and Ryan Daisy
Game Notes
Nicolas Roy is injured at 10:55 of 3rd period (Strained Left Knee)
Finance
Level 1 -- Attendance: 6000 (100.00%) -- Ticket Income $564,000
Level 2 -- Attendance: 4371 (87.42%) -- Ticket Income $236,034
Level 3 -- Attendance: 2817 (93.90%) -- Ticket Income $92,961
Level 4 -- Attendance: 4421 (88.42%) -- Ticket Income $92,841
Luxury Box -- Attendance: 869 (86.90%) -- Ticket Income $167,717
Game was played at the Air Canada Centre.
Total Attendance: 18478 (92.39%)
Total Ticket Income: $1,153,553
Other Income: $403,744
Total Income: $1,557,297
Anaheim Ducks
5 vs 5 Forward
Center Left Wing Right Wing Time % Phy DF OF
1 John Tavares Alex Killorn William Nylander 33 1 2 2
2 Mark Scheifele Brayden Schenn Mason Marchment 33 1 2 2
3 Nazem Kadri Chandler Stephenson J.T. Compher 33 1 1 3
4 Max Domi Calle Jarnkrok Alexandre Texier 1 1 2 2
5 vs 5 Defense
Defense Defense Time % Phy DF OF
1 Esa Lindell Joshua Morrissey 35 1 2 2
2 Morgan Rielly Ivan Provorov 35 1 2 2
3 Brenden Dillon Jakob Chychrun 30 1 2 2
4 Esa Lindell Joshua Morrissey 0 1 2 2
PowerPlay Forward
Center Left Wing Right Wing Time % Phy DF OF
1 Nazem Kadri Mark Scheifele William Nylander 60 1 1 3
2 John Tavares Alex Killorn Mason Marchment 40 1 1 3
PowerPlay Defense
Defense Defense Time % Phy DF OF
1 Morgan Rielly Joshua Morrissey 60 1 1 3
2 Esa Lindell Jakob Chychrun 40 1 1 3
Penalty Kill 4 Players Forward
Center Wing Time % Phy DF OF
1 J.T. Compher Brayden Schenn 55 1 3 1
2 Chandler Stephenson Alex Killorn 45 1 3 1
Penalty Kill 4 Players Defense
Defense Defense Time % Phy DF OF
1 Esa Lindell Ivan Provorov 50 1 3 1
2 Morgan Rielly Brenden Dillon 50 1 3 1
Penalty Kill - 3 Players Forward
Forward Time % Phy DF OF
1 J.T. Compher 50 1 4 0
2 Chandler Stephenson 50 1 4 0
Penalty Kill - 3 Players Defense
Defense Defense Time % Phy DF OF
1 Esa Lindell Ivan Provorov 50 1 4 0
2 Morgan Rielly Brenden Dillon 50 1 4 0
4 vs 4 Forward
Center Wing Time % Phy DF OF
1 Nazem Kadri William Nylander 60 1 2 2
2 John Tavares Mark Scheifele 40 1 2 2
4 vs 4 Defense
Defense Defense Time % Phy DF OF
1 Esa Lindell Morgan Rielly 50 1 2 2
2 Ivan Provorov Joshua Morrissey 50 1 2 2
Last Minutes Offensive
Center Left Wing Right Wing Defense Defense
Nazem Kadri William Nylander Mark Scheifele Joshua Morrissey Morgan Rielly
Last Minutes Defensive
Center Left Wing Right Wing Defense Defense
Chandler Stephenson Alex Killorn J.T. Compher Ivan Provorov Esa Lindell
Goaltenders
Starting : Linus Ullmark
Backup : James Reimer
Extra Forwards
Normal : William Nylander, Mark Scheifele, Nazem Kadri - PP : William Nylander, Nazem Kadri - PK : J.T. Compher
Extra Defensemen
Normal : Esa Lindell, Brenden Dillon, Ivan Provorov - PP : Joshua Morrissey - PK : Esa Lindell, Ivan Provorov
Penalty Shots
Brenden Dillon, Mark Scheifele, Calle Jarnkrok, John Tavares, Alex Killorn
Scratches
Josh Manson (Healthy)
Toronto Maple Leafs
5 vs 5 Forward
Center Left Wing Right Wing Time % Phy DF OF
1 Tomas Hertl Brady Tkachuk Nicolas Roy 30 1 2 2
2 Wyatt Johnston Quinton Byfield Troy Terry 30 1 2 2
3 Nick Bjugstad Nino Niederreiter Andrew Mangiapane 25 1 2 2
4 Scott Laughton Sam Bennett Brandon Saad 15 1 2 2
5 vs 5 Defense
Defense Defense Time % Phy DF OF
1 Aaron Ekblad Ryan Pulock 33 1 2 2
2 Mario Ferraro Cody Ceci 32 1 2 2
3 Sean Walker Dougie Hamilton 31 1 2 2
4 Mario Ferraro Cody Ceci 4 1 2 2
PowerPlay Forward
Center Left Wing Right Wing Time % Phy DF OF
1 Tomas Hertl Brady Tkachuk Troy Terry 50 1 2 2
2 Wyatt Johnston Quinton Byfield Brandon Saad 50 1 2 2
PowerPlay Defense
Defense Defense Time % Phy DF OF
1 Dougie Hamilton Aaron Ekblad 50 1 2 2
2 Ryan Pulock Sean Walker 50 1 2 2
Penalty Kill 4 Players Forward
Center Wing Time % Phy DF OF
1 Nick Bjugstad Nicolas Roy 50 1 2 2
2 Scott Laughton Andrew Mangiapane 50 1 2 2
Penalty Kill 4 Players Defense
Defense Defense Time % Phy DF OF
1 Aaron Ekblad Mario Ferraro 50 1 2 2
2 Cody Ceci Ryan Pulock 50 1 2 2
Penalty Kill - 3 Players Forward
Forward Time % Phy DF OF
1 Nick Bjugstad 50 1 2 2
2 Scott Laughton 50 1 2 2
Penalty Kill - 3 Players Defense
Defense Defense Time % Phy DF OF
1 Mario Ferraro Aaron Ekblad 50 1 2 2
2 Cody Ceci Ryan Pulock 50 1 2 2
4 vs 4 Forward
Center Wing Time % Phy DF OF
1 Scott Laughton Troy Terry 50 1 2 2
2 Wyatt Johnston Brady Tkachuk 50 1 2 2
4 vs 4 Defense
Defense Defense Time % Phy DF OF
1 Cody Ceci Mario Ferraro 50 1 2 2
2 Aaron Ekblad Ryan Pulock 50 1 2 2
Last Minutes Offensive
Center Left Wing Right Wing Defense Defense
Tomas Hertl Brady Tkachuk Nick Bjugstad Aaron Ekblad Dougie Hamilton
Last Minutes Defensive
Center Left Wing Right Wing Defense Defense
Tomas Hertl Scott Laughton Nick Bjugstad Aaron Ekblad Ryan Pulock
Goaltenders
Starting : Cam Talbot
Backup : Adam Scheel
Extra Forwards
Normal : Scott Laughton, Brandon Saad, Andrew Mangiapane - PP : Andrew Mangiapane, Sam Bennett - PK : Andrew Mangiapane
Extra Defensemen
Normal : Sean Walker, Dougie Hamilton, Mario Ferraro - PP : Cody Ceci - PK : Sean Walker, Dougie Hamilton
Penalty Shots
Dougie Hamilton, Nick Bjugstad, Quinton Byfield, Troy Terry, Nicolas Roy
Scratches
Bowen Byram (Healthy), Kyle Okposo (Healthy), Warren Foegele (Healthy), Luke Schenn (Healthy), Pierre Engvall (Healthy)
Frederik Andersen (Sprained Left Ankle Injury)
% Time on Ice - Anaheim Ducks
Lines # - Real PCT - Wanted PCT - Time Play
Normal Forward
1 - 30% - 33% - 14:19
2 - 28% - 33% - 13:28
3 - 29% - 33% - 13:48
4 - 14% - 1% - 6:31
Normal Defense
1 - 35% - 35% - 16:45
2 - 35% - 35% - 17:02
3 - 30% - 30% - 14:19
4 - 0% - 0% - 0:00
PP Forward
1 - 0% - 60%
2 - 0% - 40%
PP Defense
1 - 0% - 60%
2 - 0% - 40%
PK Forward
1 - 64% - 55% - 7:37
2 - 36% - 45% - 4:17
PK Defense
1 - 48% - 50% - 5:46
2 - 52% - 50% - 6:08
PK3 Forward
1 - 0% - 50%
2 - 0% - 50%
PK3 Defense
1 - 0% - 50%
2 - 0% - 50%
44 Forward
1 - 0% - 60%
2 - 0% - 40%
44 Defense
1 - 0% - 50%
2 - 0% - 50%
Last Minute Offensive - 0:00
Last Minute Defensive - 0:00
Total
Forward - 60:00
Defense - 60:00
|
% Time on Ice - Toronto Maple Leafs
Lines # - Real PCT - Wanted PCT - Time Play
Normal Forward
1 - 29% - 30% - 14:08
2 - 31% - 30% - 14:48
3 - 24% - 25% - 11:29
4 - 16% - 15% - 7:41
Normal Defense
1 - 34% - 33% - 16:11
2 - 36% - 32% - 17:08
3 - 31% - 31% - 14:47
4 - 0% - 4% - 0:00
PP Forward
1 - 50% - 50% - 6:00
2 - 50% - 50% - 5:54
PP Defense
1 - 49% - 50% - 5:47
2 - 51% - 50% - 6:07
PK Forward
1 - 0% - 50%
2 - 0% - 50%
PK Defense
1 - 0% - 50%
2 - 0% - 50%
PK3 Forward
1 - 0% - 50%
2 - 0% - 50%
PK3 Defense
1 - 0% - 50%
2 - 0% - 50%
44 Forward
1 - 0% - 50%
2 - 0% - 50%
44 Defense
1 - 0% - 50%
2 - 0% - 50%
Last Minute Offensive - 0:00
Last Minute Defensive - 0:00
Total
Forward - 60:00
Defense - 60:00
|
Play-by-Play
1st period
0:01 of 1st period - Tomas Hertl wins face-off versus John Tavares in neutral zone.
0:08 of 1st period - Snap shot by Brady Tkachuk.
0:08 of 1st period - Deflect By Tomas Hertl.
0:08 of 1st period - Stopped by Linus Ullmark without a rebound.
0:09 of 1st period - Tomas Hertl wins face-off versus John Tavares in Anaheim Ducks zone.
0:13 of 1st period - Snap shot by Tomas Hertl.
0:13 of 1st period - Stopped by Linus Ullmark with a rebound.
0:15 of 1st period - Snap shot by Brady Tkachuk.
0:15 of 1st period - Shot Blocked by John Tavares.
0:17 of 1st period - Snap shot by Tomas Hertl.
0:17 of 1st period - Shot Misses the Net.
0:19 of 1st period - Slapshot by Ryan Pulock.
0:19 of 1st period - Shot Misses the Net.
0:34 of 1st period - Minor Penalty to Alex Killorn for Holding.
0:35 of 1st period - Brady Tkachuk wins face-off versus J.T. Compher in Anaheim Ducks zone.
1:34 of 1st period - Morgan Rielly is hit by Quinton Byfield.
2:34 of 1st period - Penalty to Alex Killorn is over, Alex Killorn is back on ice.
2:54 of 1st period - Nick Bjugstad is hit by Alex Killorn and loses puck.
3:11 of 1st period - Wrist shot by Mark Scheifele.
3:11 of 1st period - Stopped by Cam Talbot without a rebound.
3:12 of 1st period - Scott Laughton wins face-off versus Mark Scheifele in Toronto Maple Leafs zone.
3:31 of 1st period - Andrew Mangiapane is hit by Nazem Kadri and loses puck.
3:40 of 1st period - Nazem Kadri is hit by Sean Walker and loses puck.
3:52 of 1st period - Off-side.
3:53 of 1st period - John Tavares wins face-off versus Tomas Hertl in neutral zone.
3:56 of 1st period - Slapshot by Alex Killorn.
3:56 of 1st period - Stopped by Cam Talbot with a rebound.
4:42 of 1st period - Slapshot by John Tavares.
4:42 of 1st period - Shot Misses the Net.
4:44 of 1st period - Wrist shot by William Nylander.
4:44 of 1st period - Stopped by Cam Talbot with a rebound.
4:46 of 1st period - Slapshot by Brenden Dillon.
4:46 of 1st period - Stopped by Cam Talbot with a rebound.
4:58 of 1st period - Snap shot by John Tavares.
4:58 of 1st period - Shot Misses the Net.
5:00 of 1st period - Wrist shot by John Tavares.
5:00 of 1st period - Deflect By William Nylander.
5:00 of 1st period - Shot Misses the Net.
5:00 of 1st period - Puck is out of play.
5:01 of 1st period - Nazem Kadri wins face-off versus Wyatt Johnston in Toronto Maple Leafs zone.
5:26 of 1st period - Morgan Rielly is hit by Nick Bjugstad and loses puck.
6:23 of 1st period - Slapshot by Troy Terry.
6:23 of 1st period - Stopped by Linus Ullmark with a rebound.
6:46 of 1st period - Icing by Mario Ferraro.
6:47 of 1st period - John Tavares wins face-off versus Nick Bjugstad in Toronto Maple Leafs zone.
6:48 of 1st period - Snap shot by William Nylander.
6:48 of 1st period - Stopped by Cam Talbot with a rebound.
7:21 of 1st period - Minor Penalty to Brenden Dillon for Roughing.
7:22 of 1st period - Wyatt Johnston wins face-off versus J.T. Compher in Anaheim Ducks zone.
7:32 of 1st period - J.T. Compher is hit by Ryan Pulock.
7:48 of 1st period - Chandler Stephenson is hit by Brady Tkachuk and loses puck.
8:17 of 1st period - Brayden Schenn is hit by Aaron Ekblad and loses puck.
8:56 of 1st period - Snap shot by Alexandre Texier.
8:56 of 1st period - Shot Misses the Net.
8:58 of 1st period - Slapshot by Joshua Morrissey.
8:58 of 1st period - Shot Misses the Net.
9:00 of 1st period - Snap shot by Alexandre Texier.
9:00 of 1st period - Goal by Alexandre Texier - Anaheim Ducks : 1 - Toronto Maple Leafs : 0.
9:01 of 1st period - Troy Terry wins face-off versus Brayden Schenn in neutral zone.
9:03 of 1st period - Off-side.
9:04 of 1st period - Tomas Hertl wins face-off versus J.T. Compher in neutral zone.
9:17 of 1st period - Wrist shot by Tomas Hertl.
9:17 of 1st period - Deflect By Brady Tkachuk.
9:17 of 1st period - Shot Misses the Net.
9:17 of 1st period - Puck is out of play.
9:18 of 1st period - Wyatt Johnston wins face-off versus J.T. Compher in Anaheim Ducks zone.
9:21 of 1st period - Penalty to Brenden Dillon is over, Brenden Dillon is back on ice.
9:30 of 1st period - Snap shot by J.T. Compher.
9:30 of 1st period - Shot Misses the Net.
10:00 of 1st period - Backhand shot by J.T. Compher.
10:00 of 1st period - Shot Misses the Net.
10:06 of 1st period - Snap shot by J.T. Compher.
10:06 of 1st period - Shot Blocked by Dougie Hamilton.
10:08 of 1st period - Snap shot by Brayden Schenn.
10:08 of 1st period - Stopped by Cam Talbot with a rebound.
10:10 of 1st period - Snap shot by J.T. Compher.
10:10 of 1st period - Shot Misses the Net.
10:12 of 1st period - Slapshot by J.T. Compher.
10:12 of 1st period - Deflect By Brayden Schenn.
10:12 of 1st period - Stopped by Cam Talbot without a rebound.
10:13 of 1st period - Tomas Hertl wins face-off versus John Tavares in Toronto Maple Leafs zone.
10:22 of 1st period - Ivan Provorov is hit by Tomas Hertl and loses puck.
10:52 of 1st period - Morgan Rielly is hit by Nino Niederreiter.
11:25 of 1st period - Snap shot by Tomas Hertl.
11:25 of 1st period - Shot Misses the Net.
11:27 of 1st period - Slapshot by Aaron Ekblad.
11:27 of 1st period - Stopped by Linus Ullmark without a rebound.
11:28 of 1st period - Wyatt Johnston wins face-off versus John Tavares in Anaheim Ducks zone.
11:35 of 1st period - Snap shot by John Tavares.
11:35 of 1st period - Stopped by Cam Talbot without a rebound.
11:36 of 1st period - Wyatt Johnston wins face-off versus John Tavares in Toronto Maple Leafs zone.
11:49 of 1st period - Troy Terry is hit by Alex Killorn and loses puck.
12:14 of 1st period - Slapshot by William Nylander.
12:14 of 1st period - Shot Misses the Net.
12:16 of 1st period - Wrist shot by William Nylander.
12:16 of 1st period - Stopped by Cam Talbot with a rebound.
12:18 of 1st period - Slapshot by Brenden Dillon.
12:18 of 1st period - Stopped by Cam Talbot without a rebound.
12:19 of 1st period - Tomas Hertl wins face-off versus Nazem Kadri in Toronto Maple Leafs zone.
12:48 of 1st period - Ivan Provorov is hit by Sam Bennett and loses puck.
13:54 of 1st period - Wrist shot by William Nylander.
13:54 of 1st period - Deflect By Alex Killorn.
13:54 of 1st period - Stopped by Cam Talbot with a rebound.
13:56 of 1st period - Snap shot by William Nylander.
13:56 of 1st period - Stopped by Cam Talbot with a rebound.
14:34 of 1st period - Snap shot by Troy Terry.
14:34 of 1st period - Goal by Troy Terry - Anaheim Ducks : 1 - Toronto Maple Leafs : 1.
14:35 of 1st period - Wyatt Johnston wins face-off versus Brayden Schenn in neutral zone.
14:38 of 1st period - Morgan Rielly is hit by Quinton Byfield and loses puck.
15:01 of 1st period - Nicolas Roy is hit by Ivan Provorov and loses puck.
15:25 of 1st period - Minor Penalty to Morgan Rielly for High sticking.
15:26 of 1st period - J.T. Compher wins face-off versus Wyatt Johnston in Anaheim Ducks zone.
15:57 of 1st period - Wrist shot by Troy Terry.
15:57 of 1st period - Shot Blocked by Alex Killorn.
15:59 of 1st period - Slapshot by Aaron Ekblad.
15:59 of 1st period - Shot Blocked by Brenden Dillon.
16:01 of 1st period - Slapshot by Aaron Ekblad.
16:01 of 1st period - Shot Blocked by Esa Lindell.
17:25 of 1st period - Penalty to Morgan Rielly is over, Morgan Rielly is back on ice.
17:54 of 1st period - Nick Bjugstad is hit by Calle Jarnkrok and loses puck.
18:13 of 1st period - Wrist shot by Scott Laughton.
18:13 of 1st period - Stopped by Linus Ullmark without a rebound.
18:14 of 1st period - Scott Laughton wins face-off versus Nazem Kadri in Anaheim Ducks zone.
18:15 of 1st period - Snap shot by Sam Bennett.
18:15 of 1st period - Shot Misses the Net.
18:21 of 1st period - Wrist shot by Sam Bennett.
18:21 of 1st period - Shot Misses the Net.
18:23 of 1st period - Minor Penalty to Nazem Kadri for Holding.
18:24 of 1st period - Tomas Hertl wins face-off versus J.T. Compher in Anaheim Ducks zone.
18:29 of 1st period - Slapshot by Brady Tkachuk.
18:29 of 1st period - Stopped by Linus Ullmark with a rebound.
18:31 of 1st period - Snap shot by Brady Tkachuk.
18:31 of 1st period - Shot Blocked by Ivan Provorov.
18:33 of 1st period - Slapshot by Sean Walker.
18:33 of 1st period - Stopped by Linus Ullmark without a rebound.
18:34 of 1st period - Troy Terry wins face-off versus J.T. Compher in Anaheim Ducks zone.
18:39 of 1st period - Snap shot by Brady Tkachuk.
18:39 of 1st period - Stopped by Linus Ullmark with a rebound.
18:53 of 1st period - Wrist shot by Brady Tkachuk.
18:53 of 1st period - Shot Misses the Net.
18:55 of 1st period - Slapshot by Sean Walker.
18:55 of 1st period - Stopped by Linus Ullmark with a rebound.
18:57 of 1st period - Slapshot by Sean Walker.
18:57 of 1st period - Deflect By Brady Tkachuk.
18:57 of 1st period - Shot Blocked by Ivan Provorov.
18:57 of 1st period - Puck is out of play.
18:58 of 1st period - Wyatt Johnston wins face-off versus Chandler Stephenson in Anaheim Ducks zone.
19:01 of 1st period - Backhand shot by Wyatt Johnston.
19:01 of 1st period - Stopped by Linus Ullmark without a rebound.
19:02 of 1st period - Wyatt Johnston wins face-off versus Chandler Stephenson in Anaheim Ducks zone.
19:41 of 1st period - Brady Tkachuk is hit by Ivan Provorov and loses puck.
Goals for this period are 1 for Anaheim Ducks vs 1 for Toronto Maple Leafs.
Shots for this period are 13 for Anaheim Ducks vs 11 for Toronto Maple Leafs.
2nd period
0:01 of 2nd period - J.T. Compher wins face-off versus Quinton Byfield in neutral zone.
0:23 of 2nd period - Penalty to Nazem Kadri is over, Nazem Kadri is back on ice.
0:31 of 2nd period - Sean Walker is hit by Chandler Stephenson and loses puck.
0:59 of 2nd period - Icing by Chandler Stephenson.
1:00 of 2nd period - Chandler Stephenson wins face-off versus Wyatt Johnston in Anaheim Ducks zone.
1:14 of 2nd period - Off-side.
1:15 of 2nd period - Tomas Hertl wins face-off versus Mark Scheifele in neutral zone.
1:20 of 2nd period - Snap shot by Tomas Hertl.
1:20 of 2nd period - Shot Misses the Net.
2:20 of 2nd period - Snap shot by Sam Bennett.
2:20 of 2nd period - Goal by Sam Bennett - Anaheim Ducks : 1 - Toronto Maple Leafs : 2.
2:21 of 2nd period - Quinton Byfield wins face-off versus Nazem Kadri in neutral zone.
2:24 of 2nd period - J.T. Compher is hit by Aaron Ekblad and loses puck.
2:31 of 2nd period - Wrist shot by Wyatt Johnston.
2:31 of 2nd period - Goal by Wyatt Johnston - Anaheim Ducks : 1 - Toronto Maple Leafs : 3.
2:32 of 2nd period - Wyatt Johnston wins face-off versus J.T. Compher in neutral zone.
2:58 of 2nd period - Esa Lindell is hit by Brady Tkachuk and loses puck.
3:59 of 2nd period - Snap shot by Troy Terry.
3:59 of 2nd period - Shot Blocked by Joshua Morrissey.
4:01 of 2nd period - Snap shot by Wyatt Johnston.
4:01 of 2nd period - Goal by Wyatt Johnston - Anaheim Ducks : 1 - Toronto Maple Leafs : 4.
4:02 of 2nd period - Tomas Hertl wins face-off versus Nazem Kadri in neutral zone.
4:04 of 2nd period - Off-side.
4:05 of 2nd period - Tomas Hertl wins face-off versus Nazem Kadri in neutral zone.
4:12 of 2nd period - Morgan Rielly is hit by Aaron Ekblad and loses puck.
6:13 of 2nd period - Slapshot by Mark Scheifele.
6:13 of 2nd period - Shot Blocked by Scott Laughton.
6:15 of 2nd period - Slapshot by Morgan Rielly.
6:15 of 2nd period - Deflect By Mason Marchment.
6:15 of 2nd period - Stopped by Cam Talbot without a rebound.
6:16 of 2nd period - Tomas Hertl wins face-off versus Nazem Kadri in Toronto Maple Leafs zone.
6:23 of 2nd period - Snap shot by Brady Tkachuk.
6:23 of 2nd period - Stopped by Linus Ullmark with a rebound.
7:26 of 2nd period - Sean Walker is hit by Alexandre Texier and loses puck.
7:39 of 2nd period - Troy Terry is hit by Nazem Kadri and loses puck.
7:50 of 2nd period - Wrist shot by Chandler Stephenson.
7:50 of 2nd period - Shot Blocked by Wyatt Johnston.
8:21 of 2nd period - Icing by Nicolas Roy.
8:22 of 2nd period - John Tavares wins face-off versus Tomas Hertl in Toronto Maple Leafs zone.
9:01 of 2nd period - Wrist shot by Max Domi.
9:01 of 2nd period - Shot Misses the Net.
9:03 of 2nd period - Snap shot by Calle Jarnkrok.
9:03 of 2nd period - Stopped by Cam Talbot with a rebound.
9:05 of 2nd period - Slapshot by Joshua Morrissey.
9:05 of 2nd period - Shot Misses the Net.
9:07 of 2nd period - Snap shot by Calle Jarnkrok.
9:07 of 2nd period - Stopped by Cam Talbot with a rebound.
9:09 of 2nd period - Wrist shot by Esa Lindell.
9:09 of 2nd period - Shot Misses the Net.
9:19 of 2nd period - Slapshot by Dougie Hamilton.
9:19 of 2nd period - Shot Blocked by Ivan Provorov.
9:59 of 2nd period - Snap shot by Quinton Byfield.
9:59 of 2nd period - Shot Misses the Net.
11:07 of 2nd period - Snap shot by Brady Tkachuk.
11:07 of 2nd period - Stopped by Linus Ullmark with a rebound.
11:21 of 2nd period - Slapshot by Quinton Byfield.
11:21 of 2nd period - Deflect By Wyatt Johnston.
11:21 of 2nd period - Shot Blocked by Joshua Morrissey.
11:21 of 2nd period - Puck is out of play.
11:22 of 2nd period - Wyatt Johnston wins face-off versus Mark Scheifele in Anaheim Ducks zone.
11:25 of 2nd period - Snap shot by Quinton Byfield.
11:25 of 2nd period - Stopped by Linus Ullmark with a rebound.
11:27 of 2nd period - Wrist shot by Quinton Byfield.
11:27 of 2nd period - Stopped by Linus Ullmark with a rebound.
11:29 of 2nd period - Slapshot by Troy Terry.
11:29 of 2nd period - Deflect By Wyatt Johnston.
11:29 of 2nd period - Shot Hit the Post.
11:29 of 2nd period - Puck is out of play.
11:30 of 2nd period - Nazem Kadri wins face-off versus Wyatt Johnston in Anaheim Ducks zone.
11:47 of 2nd period - Wrist shot by Nazem Kadri.
11:47 of 2nd period - Stopped by Cam Talbot with a rebound.
11:59 of 2nd period - Wrist shot by William Nylander.
11:59 of 2nd period - Stopped by Cam Talbot without a rebound.
12:00 of 2nd period - Tomas Hertl wins face-off versus John Tavares in Toronto Maple Leafs zone.
12:13 of 2nd period - Snap shot by Tomas Hertl.
12:13 of 2nd period - Shot Misses the Net.
12:15 of 2nd period - Snap shot by Nicolas Roy.
12:15 of 2nd period - Shot Misses the Net.
12:17 of 2nd period - Slapshot by Aaron Ekblad.
12:17 of 2nd period - Shot Blocked by Alex Killorn.
12:35 of 2nd period - Wrist shot by Nazem Kadri.
12:35 of 2nd period - Stopped by Cam Talbot with a rebound.
12:37 of 2nd period - Wrist shot by Chandler Stephenson.
12:37 of 2nd period - Shot Misses the Net.
12:39 of 2nd period - Snap shot by Nazem Kadri.
12:39 of 2nd period - Stopped by Cam Talbot with a rebound.
12:49 of 2nd period - Snap shot by Troy Terry.
12:49 of 2nd period - Deflect By Quinton Byfield.
12:49 of 2nd period - Shot Misses the Net.
12:49 of 2nd period - Puck is out of play.
12:50 of 2nd period - Mark Scheifele wins face-off versus Troy Terry in Anaheim Ducks zone.
13:05 of 2nd period - Slapshot by Mark Scheifele.
13:05 of 2nd period - Shot Blocked by Cody Ceci.
13:15 of 2nd period - J.T. Compher is hit by Brady Tkachuk and loses puck.
14:14 of 2nd period - Snap shot by Ivan Provorov.
14:14 of 2nd period - Shot Blocked by Ryan Pulock.
14:53 of 2nd period - Off-side.
14:54 of 2nd period - Tomas Hertl wins face-off versus Nazem Kadri in neutral zone.
15:35 of 2nd period - Slapshot by Nicolas Roy.
15:35 of 2nd period - Stopped by Linus Ullmark without a rebound.
15:36 of 2nd period - Mark Scheifele wins face-off versus Wyatt Johnston in Anaheim Ducks zone.
15:41 of 2nd period - Snap shot by Morgan Rielly.
15:41 of 2nd period - Deflect By Mason Marchment.
15:41 of 2nd period - Stopped by Cam Talbot with a rebound.
15:47 of 2nd period - Snap shot by Wyatt Johnston.
15:47 of 2nd period - Stopped by Linus Ullmark without a rebound.
15:48 of 2nd period - Wyatt Johnston wins face-off versus Mark Scheifele in Anaheim Ducks zone.
15:49 of 2nd period - Slapshot by Quinton Byfield.
15:49 of 2nd period - Shot Blocked by Brenden Dillon.
15:51 of 2nd period - Minor Penalty to Brayden Schenn for Tripping.
15:52 of 2nd period - J.T. Compher wins face-off versus Tomas Hertl in Anaheim Ducks zone.
16:09 of 2nd period - Backhand shot by Brady Tkachuk.
16:09 of 2nd period - Stopped by Linus Ullmark with a rebound.
16:19 of 2nd period - Wrist shot by Chandler Stephenson.
16:19 of 2nd period - Shot Misses the Net.
17:17 of 2nd period - Backhand shot by Max Domi.
17:17 of 2nd period - Shot Blocked by Troy Terry.
17:19 of 2nd period - Slapshot by Esa Lindell.
17:19 of 2nd period - Goal by Esa Lindell - Anaheim Ducks : 2 - Toronto Maple Leafs : 4.
17:20 of 2nd period - Wyatt Johnston wins face-off versus J.T. Compher in neutral zone.
17:51 of 2nd period - Penalty to Brayden Schenn is over, Brayden Schenn is back on ice.
18:16 of 2nd period - Snap shot by Brayden Schenn.
18:16 of 2nd period - Stopped by Cam Talbot without a rebound.
18:17 of 2nd period - John Tavares wins face-off versus Wyatt Johnston in Toronto Maple Leafs zone.
18:18 of 2nd period - Snap shot by William Nylander.
18:18 of 2nd period - Shot Misses the Net.
18:20 of 2nd period - Snap shot by Esa Lindell.
18:20 of 2nd period - Shot Blocked by Mario Ferraro.
18:22 of 2nd period - Snap shot by Esa Lindell.
18:22 of 2nd period - Shot Misses the Net.
18:24 of 2nd period - Snap shot by William Nylander.
18:24 of 2nd period - Deflect By John Tavares.
18:24 of 2nd period - Stopped by Cam Talbot with a rebound.
18:26 of 2nd period - Slapshot by William Nylander.
18:26 of 2nd period - Stopped by Cam Talbot with a rebound.
18:28 of 2nd period - Slapshot by Esa Lindell.
18:28 of 2nd period - Stopped by Cam Talbot without a rebound.
18:29 of 2nd period - Mark Scheifele wins face-off versus Tomas Hertl in Toronto Maple Leafs zone.
18:42 of 2nd period - Snap shot by Tomas Hertl.
18:42 of 2nd period - Deflect By Nicolas Roy.
18:42 of 2nd period - Stopped by Linus Ullmark without a rebound.
18:43 of 2nd period - Mark Scheifele wins face-off versus Wyatt Johnston in Anaheim Ducks zone.
19:42 of 2nd period - Snap shot by Brady Tkachuk.
19:42 of 2nd period - Stopped by Linus Ullmark with a rebound.
19:44 of 2nd period - Wrist shot by Tomas Hertl.
19:44 of 2nd period - Goal by Tomas Hertl - Anaheim Ducks : 2 - Toronto Maple Leafs : 5.
19:45 of 2nd period - Nick Bjugstad wins face-off versus Nazem Kadri in neutral zone.
Goals for this period are 1 for Anaheim Ducks vs 4 for Toronto Maple Leafs.
Shots for this period are 13 for Anaheim Ducks vs 13 for Toronto Maple Leafs.
3rd period
0:01 of 3rd period - Chandler Stephenson wins face-off versus Tomas Hertl in neutral zone.
0:49 of 3rd period - Wrist shot by William Nylander.
0:49 of 3rd period - Shot Misses the Net.
0:51 of 3rd period - Snap shot by John Tavares.
0:51 of 3rd period - Stopped by Cam Talbot with a rebound.
0:53 of 3rd period - Snap shot by William Nylander.
0:53 of 3rd period - Shot Misses the Net.
0:57 of 3rd period - Snap shot by William Nylander.
0:57 of 3rd period - Deflect By John Tavares.
0:57 of 3rd period - Stopped by Cam Talbot with a rebound.
1:01 of 3rd period - Slapshot by William Nylander.
1:01 of 3rd period - Shot Misses the Net.
1:17 of 3rd period - Wrist shot by Brandon Saad.
1:17 of 3rd period - Stopped by Linus Ullmark without a rebound.
1:18 of 3rd period - Tomas Hertl wins face-off versus Mark Scheifele in Anaheim Ducks zone.
2:38 of 3rd period - Wrist shot by Mark Scheifele.
2:38 of 3rd period - Shot Misses the Net.
2:50 of 3rd period - Morgan Rielly is hit by Nicolas Roy and loses puck.
3:16 of 3rd period - Snap shot by Wyatt Johnston.
3:16 of 3rd period - Shot Misses the Net.
3:18 of 3rd period - Slapshot by Wyatt Johnston.
3:18 of 3rd period - Stopped by Linus Ullmark without a rebound.
3:19 of 3rd period - Mark Scheifele wins face-off versus Nick Bjugstad in Anaheim Ducks zone.
3:24 of 3rd period - Snap shot by Mark Scheifele.
3:24 of 3rd period - Shot Misses the Net.
3:30 of 3rd period - Wrist shot by Andrew Mangiapane.
3:30 of 3rd period - Shot Misses the Net.
3:32 of 3rd period - Slapshot by Sean Walker.
3:32 of 3rd period - Stopped by Linus Ullmark with a rebound.
3:34 of 3rd period - Snap shot by Dougie Hamilton.
3:34 of 3rd period - Stopped by Linus Ullmark with a rebound.
4:09 of 3rd period - Snap shot by Quinton Byfield.
4:09 of 3rd period - Deflect By Troy Terry.
4:09 of 3rd period - Stopped by Linus Ullmark without a rebound.
4:10 of 3rd period - Mark Scheifele wins face-off versus Wyatt Johnston in Anaheim Ducks zone.
4:17 of 3rd period - Wyatt Johnston is hit by Mark Scheifele.
5:27 of 3rd period - Snap shot by Mark Scheifele.
5:27 of 3rd period - Stopped by Cam Talbot with a rebound.
5:29 of 3rd period - Slapshot by Esa Lindell.
5:29 of 3rd period - Shot Blocked by Sam Bennett.
5:31 of 3rd period - Slapshot by Esa Lindell.
5:31 of 3rd period - Shot Blocked by Scott Laughton.
5:46 of 3rd period - Snap shot by Quinton Byfield.
5:46 of 3rd period - Stopped by Linus Ullmark with a rebound.
5:48 of 3rd period - Slapshot by Mario Ferraro.
5:48 of 3rd period - Shot Misses the Net.
5:50 of 3rd period - Snap shot by Quinton Byfield.
5:50 of 3rd period - Stopped by Linus Ullmark with a rebound.
5:52 of 3rd period - Snap shot by Wyatt Johnston.
5:52 of 3rd period - Stopped by Linus Ullmark without a rebound.
5:53 of 3rd period - Brady Tkachuk wins face-off versus Nazem Kadri in Anaheim Ducks zone.
6:06 of 3rd period - Snap shot by Tomas Hertl.
6:06 of 3rd period - Stopped by Linus Ullmark without a rebound.
6:07 of 3rd period - Mark Scheifele wins face-off versus Nick Bjugstad in Anaheim Ducks zone.
6:07 of 3rd period - Mark Scheifele is hit by Nick Bjugstad.
6:18 of 3rd period - Slapshot by Mason Marchment.
6:18 of 3rd period - Shot Misses the Net.
7:01 of 3rd period - Wrist shot by William Nylander.
7:01 of 3rd period - Shot Misses the Net.
7:03 of 3rd period - Wrist shot by John Tavares.
7:03 of 3rd period - Shot Misses the Net.
7:19 of 3rd period - Snap shot by Scott Laughton.
7:19 of 3rd period - Deflect By Brandon Saad.
7:19 of 3rd period - Shot Misses the Net.
7:19 of 3rd period - Puck is out of play.
7:20 of 3rd period - Wyatt Johnston wins face-off versus Mark Scheifele in Anaheim Ducks zone.
7:43 of 3rd period - Wrist shot by Mark Scheifele.
7:43 of 3rd period - Shot Blocked by Wyatt Johnston.
7:45 of 3rd period - Snap shot by Mason Marchment.
7:45 of 3rd period - Stopped by Cam Talbot without a rebound.
7:46 of 3rd period - Nick Bjugstad wins face-off versus Nazem Kadri in Toronto Maple Leafs zone.
7:57 of 3rd period - Backhand shot by Nick Bjugstad.
7:57 of 3rd period - Stopped by Linus Ullmark with a rebound.
7:59 of 3rd period - Wrist shot by Nick Bjugstad.
7:59 of 3rd period - Stopped by Linus Ullmark with a rebound.
8:11 of 3rd period - Wrist shot by Tomas Hertl.
8:11 of 3rd period - Shot Blocked by Ivan Provorov.
8:54 of 3rd period - Slapshot by Alex Killorn.
8:54 of 3rd period - Stopped by Cam Talbot with a rebound.
8:56 of 3rd period - Slapshot by Ivan Provorov.
8:56 of 3rd period - Stopped by Cam Talbot without a rebound.
8:57 of 3rd period - Wyatt Johnston wins face-off versus Nazem Kadri in Toronto Maple Leafs zone.
10:10 of 3rd period - Wrist shot by Max Domi.
10:10 of 3rd period - Shot Misses the Net.
10:22 of 3rd period - Snap shot by Quinton Byfield.
10:22 of 3rd period - Shot Misses the Net.
10:24 of 3rd period - Slapshot by Quinton Byfield.
10:24 of 3rd period - Stopped by Linus Ullmark without a rebound.
10:25 of 3rd period - Nazem Kadri wins face-off versus Tomas Hertl in Anaheim Ducks zone.
10:55 of 3rd period - Slapshot by John Tavares.
10:55 of 3rd period - Shot Blocked by Nicolas Roy.
10:55 of 3rd period - Nicolas Roy from Toronto Maple Leafs is injured at 10:55 of 3rd period (Strained Left Knee).
10:56 of 3rd period - Nick Bjugstad wins face-off versus Mason Marchment in Toronto Maple Leafs zone.
12:13 of 3rd period - Icing by Esa Lindell.
12:14 of 3rd period - William Nylander wins face-off versus Scott Laughton in Anaheim Ducks zone.
12:21 of 3rd period - Mario Ferraro is hit by Alex Killorn and loses puck.
13:28 of 3rd period - Slapshot by Scott Laughton.
13:28 of 3rd period - Stopped by Linus Ullmark with a rebound.
13:46 of 3rd period - Wrist shot by Nino Niederreiter.
13:46 of 3rd period - Shot Misses the Net.
14:30 of 3rd period - Slapshot by Quinton Byfield.
14:30 of 3rd period - Stopped by Linus Ullmark with a rebound.
14:32 of 3rd period - Slapshot by Cody Ceci.
14:32 of 3rd period - Stopped by Linus Ullmark without a rebound.
14:33 of 3rd period - Mark Scheifele wins face-off versus Wyatt Johnston in Anaheim Ducks zone.
14:37 of 3rd period - Morgan Rielly is hit by Dougie Hamilton and loses puck.
14:44 of 3rd period - Sean Walker is hit by Brayden Schenn and loses puck.
14:51 of 3rd period - Aaron Ekblad is hit by Mark Scheifele and loses puck.
15:46 of 3rd period - Minor Penalty to Mark Scheifele for Roughing.
15:47 of 3rd period - J.T. Compher wins face-off versus Wyatt Johnston in Anaheim Ducks zone.
17:14 of 3rd period - Brenden Dillon is hit by Brady Tkachuk and loses puck.
17:33 of 3rd period - Alexandre Texier is hit by Wyatt Johnston and loses puck.
17:46 of 3rd period - Penalty to Mark Scheifele is over, Mark Scheifele is back on ice.
18:03 of 3rd period - Off-side.
18:04 of 3rd period - John Tavares wins face-off versus Andrew Mangiapane in neutral zone.
18:09 of 3rd period - Snap shot by Alex Killorn.
18:09 of 3rd period - Stopped by Cam Talbot without a rebound.
18:10 of 3rd period - John Tavares wins face-off versus Nick Bjugstad in Toronto Maple Leafs zone.
18:11 of 3rd period - Snap shot by William Nylander.
18:11 of 3rd period - Deflect By Alex Killorn.
18:11 of 3rd period - Shot Misses the Net.
18:11 of 3rd period - Puck is out of play.
18:12 of 3rd period - John Tavares wins face-off versus Nick Bjugstad in Toronto Maple Leafs zone.
18:15 of 3rd period - Snap shot by William Nylander.
18:15 of 3rd period - Deflect By Mario Ferraro.
18:15 of 3rd period - Stopped by Cam Talbot with a rebound.
18:58 of 3rd period - Off-side.
18:59 of 3rd period - Wyatt Johnston wins face-off versus Mark Scheifele in neutral zone.
19:12 of 3rd period - Snap shot by Mark Scheifele.
19:12 of 3rd period - Shot Blocked by Sean Walker.
19:14 of 3rd period - Snap shot by Brayden Schenn.
19:14 of 3rd period - Deflect By Wyatt Johnston.
19:14 of 3rd period - Stopped by Cam Talbot with a rebound.
19:48 of 3rd period - Wrist shot by Nick Bjugstad.
19:48 of 3rd period - Stopped by Linus Ullmark with a rebound.
19:50 of 3rd period - Wrist shot by Nino Niederreiter.
19:50 of 3rd period - Shot Blocked by Alex Killorn.
19:52 of 3rd period - Snap shot by Nick Bjugstad.
19:52 of 3rd period - Shot Blocked by Morgan Rielly.
19:54 of 3rd period - Wrist shot by Nick Bjugstad.
19:54 of 3rd period - Stopped by Linus Ullmark with a rebound.
Goals for this period are 0 for Anaheim Ducks vs 0 for Toronto Maple Leafs.
Shots for this period are 9 for Anaheim Ducks vs 17 for Toronto Maple Leafs.
Back to the Top